 Dungeon Crawl Stone Soup version 0.29-a0-82-g837932c90e (webtiles) character file.

Game seed: 5954312240498179953

322 sanka the Conjurer (level 6, -7/44 HPs)
             Began as a Gnoll Conjurer on Feb 4, 2022.
             Mangled by Pikel (12 damage)
             ... on level 4 of the Dungeon.
             The game lasted 00:06:36 (4033 turns).

sanka the Conjurer (Gnoll Conjurer)                 Turns: 4033, Time: 00:06:37

Health: -7/44      AC:  4    Str:  7    XL:     6   Next: 47%
Magic:  0/14       EV: 13    Int: 19    God:
Gold:   106        SH:  0    Dex: 10    Spells: 4/15 levels left

rFire   + . .      SeeInvis .   m - +1 dagger (elec)
rCold   . . .      Faith    .   (no shield)
rNeg    . . .      Spirit   .   a - +0 robe
rPois   .          Reflect  .   k - +0 helmet
rElec   .          Harm     .   d - scarf {repulsion}
rCorr   .          Rampage  .   (no gloves)
Will    .....                   f - +0 pair of boots
Stlth   ++........              (no amulet)
HPRegen 0.14/turn               q - ring of protection from fire
MPRegen 0.14/turn               (no ring)

@: repel missiles
A: fangs 1, strong nose, distributed training
a: no special abilities


You were on level 4 of the Dungeon.
You visited 1 branch of the dungeon, and saw 4 of its levels.

You collected 106 gold pieces.


Innate Abilities, Weirdness & Mutations

You have very sharp teeth.
Your uncanny sense of smell can sniff out nearby items.
Your experience applies equally to all skills.


   Skills:
 + Level 2.0 Fighting
 + Level 2.0 Short Blades
 + Level 2.0 Long Blades
 + Level 2.0 Axes
 + Level 2.0 Maces & Flails
 + Level 2.0 Polearms
 + Level 2.0 Staves
 + Level 2.0 Slings
 + Level 2.0 Bows
 + Level 2.0 Crossbows
 + Level 2.0 Throwing
 + Level 2.0 Armour
 + Level 5.0 Dodging
 + Level 4.6 Stealth
 + Level 2.0 Shields
 + Level 2.0 Unarmed Combat
 + Level 5.4 Spellcasting
 + Level 7.3 Conjurations
 + Level 1.5 Hexes
 + Level 1.5 Summonings
 + Level 1.5 Necromancy
 + Level 1.5 Translocations
 + Level 1.5 Transmutations
 + Level 1.5 Fire Magic
 + Level 1.5 Ice Magic
 + Level 1.5 Air Magic
 + Level 1.5 Earth Magic
 + Level 1.5 Poison Magic
 + Level 2.2 Invocations
 + Level 2.0 Evocations


You had 4 spell levels left.
You knew the following spells:

 Your Spells              Type           Power      Damage    Failure   Level
c - Stone Arrow           Conj/Erth      44%        3d9       6%          3
x - Searing Ray           Conj           64%        2d6       1%          2
z - Magic Dart            Conj           100%       1d8       1%          1
C - Mephitic Cloud        Conj/Pois/Air  18%        N/A       9%          3
N - Passwall              Tmut/Erth      9%         N/A       10%         2

Your spell library contained the following spells:

 Spells                   Type           Power      Damage    Failure   Level
 Sandblast                Erth           22%        2d7       6%          1
 Dazzling Flash           Conj/Hex       44%        N/A       6%          3
 Blink                    Tloc           22%        N/A       10%         2
 Frozen Ramparts          Ice            22%        1d4       19%         3
 Ignite Poison            Fire/Tmut/Pois 11%        N/A       19%         3
 Fulminant Prism          Conj/Hex       11%        3d9       19%         4
 Iskenderun's Mystic Bla  Conj/Tloc      22%        2d6       19%         4
 Ice Form                 Ice/Tmut       11%        N/A       52%         4
 Summon Ice Beast         Ice/Summ       11%        N/A       52%         4
 Freezing Cloud           Conj/Ice/Air   9%         6-21      61%         5
 Manifold Assault         Tloc           11%        N/A       86%         5
 Storm Form               Tmut/Air       5%         N/A       100%        7

Inventory:

Hand Weapons
 m - a +1 dagger of electrocution (weapon)
 p - a +0 dagger of venom
Armour
 a - a +0 robe (worn)
 d - a scarf of repulsion (worn)
 f - a +0 pair of boots (worn)
 k - a +0 helmet (worn)
Jewellery
 q - a ring of protection from fire (left hand)
Wands
 r - a wand of digging (2)
 s - a wand of acid (7)
Scrolls
 h - 3 scrolls of identify {unknown}
 l - a scroll of silence {unknown}
 n - a scroll of enchant armour {unknown}
 o - a scroll of fear {unknown}
 u - a scroll of teleportation {unknown}
Potions
 b - 3 potions of curing {unknown}
 c - 2 potions of magic {unknown}
 e - 3 potions of flight {unknown}
 g - a potion of cancellation {unknown}
 i - a potion of ambrosia {unknown}
 j - a potion of heal wounds {unknown}
 t - a potion of lignification {unknown}

Dungeon Overview and Level Annotations

Branches:
Dungeon (4/15)
 Temple: D:4-7

Altars:

Shops:
D:3 =!*   D:4 *!

Annotations:
D:4 Pikel

▒▒#▒▒▒≈▒ ▒..'∩▒≈▒
▒.≈▒▒▒#▒▒▒
▒.≈≈≈≈≈..▒▒
▒.▒▒▒###..▒▒
▒..........▒ ▒▒
▒▒▒▒.......▒ ▒ .▒
▒.......▒▒▒▒▒▒8▒▒▒▒▒
.▒
▒▒...>...gK5S5......
.▒
▒.....(.▒▒▒▒▒.>....▒
.▒▒ ▒.......▒
..£▒▒.. ..▒▒▒▒
▒.......▒▒▒▒ .K.8▒
....(▒▒▒▒..........
....▒
.▒▒▒..▒▒▒▒...▒.....
5<..▒ .▒
▒▒........▒.....
.S..5 .▒▒
▒▒▒▒▒....▒.....
.8..▒▒ ..▒▒▒
▒..........


You could see Pikel (fast), 2 lemures and an adder.


Message History

Aim: Pikel, wielding a +2 whip of freezing and wearing a +0 robe (almost dead, fast, 76% to hit)
The searing ray hits Pikel but does no damage.
Pikel is almost dead. (Press . to maintain the ray.) Pikel barely misses you.
Pikel says, "You'll make a fine lemure."
Pikel hits you with a +2 whip of freezing!
Pikel freezes you.
Unknown command.
Unknown command.
You hit Pikel but do no damage.
Pikel is almost dead.
Pikel hits you with a +2 whip of freezing!
Pikel freezes you.
You hit Pikel but do no damage. You bite Pikel.
Pikel is almost dead.
Pikel hits you with a +2 whip of freezing!
* * * LOW HITPOINT WARNING * * *
Pikel freezes you.
* * * LOW HITPOINT WARNING * * *
You hit Pikel but do no damage. Your bite misses Pikel.
Pikel is almost dead.
Pikel hits you with a +2 whip of freezing!
* * * LOW HITPOINT WARNING * * *
Pikel freezes you.
* * * LOW HITPOINT WARNING * * *
Pikel hits you with a +2 whip of freezing!
You die...

Action                   |  1- 3 |  4- 6 || total
-------------------------+-------+-------++-------
Melee: Dagger            |       |    25 ||    25
       Bite              |       |     4 ||     4
 Cast: Magic Dart        |    72 |    52 ||   124
       Stone Arrow       |     1 |    12 ||    13
       Searing Ray       |       |     2 ||     2
 Stab: Sleeping          |       |     1 ||     1
Dodge: Dodged            |     9 |    26 ||    35

Levels and vault maps discovered:
D:1:      wander_arrival_estate, layout_basic
D:2:      minmay_inner_zag, layout_loops_ring,
          hellmonk_ecumenical_altar_arch_garden, hangedman_decor_growths,
          uniq_robin
D:3:      layout_basic, serial_shops, nicolae_shop_trees,
          nicolae_shop_hallway_plus, nicolae_shop_behind_doors, uniq_jessica,
          uniq_ijyb, uniq_crazy_yiuf_cottage
D:4:      layout_rooms, zin_scriptorium, kennysheep_little_box, serial_shops,
          kennysheep_mini_moat, nicolae_stop_n_shop_2,
          nicolae_shop_advertising_works [nicolae_subvault_shop_adworks],
          uniq_pikel

Notes
Turn   | Place    | Note
-------+----------+-------------------------------------------
     0 | D:1      | sanka the Gnoll Conjurer began the quest for the Orb.
     0 | D:1      | Reached XP level 1. HP: 13/13 MP: 6/6
   178 | D:1      | Reached XP level 2. HP: 19/19 MP: 5/7
   550 | D:1      | Learned a level 2 spell: Searing Ray
   553 | D:1      | Learned a level 2 spell: Passwall
   852 | D:1      | Reached XP level 3. HP: 25/25 MP: 7/9
  1037 | D:1      | Reached skill level 5 in Spellcasting
  1371 | D:2      | Learned a level 3 spell: Stone Arrow
  1375 | D:2      | Learned a level 3 spell: Mephitic Cloud
  1382 | D:2      | Noticed Robin
  1395 | D:2      | Reached skill level 1 in Invocations
  1402 | D:2      | Killed Robin
  1409 | D:2      | Reached skill level 1 in Fighting
  1409 | D:2      | Reached skill level 1 in Short Blades
  1409 | D:2      | Reached skill level 1 in Long Blades
  1409 | D:2      | Reached skill level 1 in Axes
  1409 | D:2      | Reached skill level 1 in Maces & Flails
  1409 | D:2      | Reached skill level 1 in Polearms
  1409 | D:2      | Reached skill level 1 in Staves
  1409 | D:2      | Reached skill level 1 in Slings
  1409 | D:2      | Reached skill level 1 in Bows
  1409 | D:2      | Reached skill level 1 in Crossbows
  1409 | D:2      | Reached skill level 1 in Throwing
  1409 | D:2      | Reached skill level 1 in Armour
  1409 | D:2      | Reached skill level 1 in Shields
  1409 | D:2      | Reached skill level 1 in Unarmed Combat
  1409 | D:2      | Reached skill level 1 in Evocations
  1556 | D:2      | Reached XP level 4. HP: 30/32 MP: 3/11
  1652 | D:2      | Found a faded altar of an unknown god.
  2456 | D:3      | Reached skill level 1 in Hexes
  2456 | D:3      | Reached skill level 1 in Summonings
  2456 | D:3      | Reached skill level 1 in Necromancy
  2456 | D:3      | Reached skill level 1 in Translocations
  2456 | D:3      | Reached skill level 1 in Transmutations
  2456 | D:3      | Reached skill level 1 in Fire Magic
  2456 | D:3      | Reached skill level 1 in Ice Magic
  2456 | D:3      | Reached skill level 1 in Air Magic
  2456 | D:3      | Reached skill level 1 in Earth Magic
  2456 | D:3      | Reached skill level 1 in Poison Magic
  2480 | D:3      | Found Uzxorcho's Distillery.
  2707 | D:3      | Noticed Jessica
  2707 | D:3      | Noticed a centaur
  2723 | D:3      | Killed a centaur
  2724 | D:3      | Reached XP level 5. HP: 27/37 MP: 4/12
  2730 | D:3      | Killed Jessica
  2939 | D:3      | Noticed Ijyb
  2949 | D:3      | Killed Ijyb
  2950 | D:3      | Reached skill level 2 in Invocations
  2950 | D:3      | Reached XP level 6. HP: 12/44 MP: 0/13
  3239 | D:3      | Found Yduhar's General Store.
  3348 | D:3      | Found Anun's Jewellery Boutique.
  3514 | D:3      | Found a runed translucent door.
  3515 | D:3      | Noticed Crazy Yiuf
  3521 | D:3      | Killed Crazy Yiuf
  3801 | D:4      | Reached skill level 5 in Dodging
  3947 | D:4      | Reached skill level 2 in Fighting
  3947 | D:4      | Reached skill level 2 in Short Blades
  3947 | D:4      | Reached skill level 2 in Long Blades
  3947 | D:4      | Reached skill level 2 in Axes
  3947 | D:4      | Reached skill level 2 in Maces & Flails
  3947 | D:4      | Reached skill level 2 in Polearms
  3947 | D:4      | Reached skill level 2 in Staves
  3947 | D:4      | Reached skill level 2 in Slings
  3947 | D:4      | Reached skill level 2 in Bows
  3947 | D:4      | Reached skill level 2 in Crossbows
  3947 | D:4      | Reached skill level 2 in Throwing
  3947 | D:4      | Reached skill level 2 in Armour
  3947 | D:4      | Reached skill level 2 in Shields
  3947 | D:4      | Reached skill level 2 in Unarmed Combat
  3947 | D:4      | Reached skill level 2 in Evocations
  3998 | D:4      | Found Toukul's General Store.
  4019 | D:4      | Found Jakaso's Distillery.
  4019 | D:4      | Noticed Pikel
  4033 | D:4      | Mangled by Pikel

Vanquished Creatures
  A centaur (D:3)
  Crazy Yiuf (D:3)
  A bullfrog skeleton (D:4)
  Jessica (D:3)
  Ijyb (D:3)
  An orc wizard (D:4)
  Robin (D:2)
  3 adders
  3 orcs
  5 endoplasms
  4 giant cockroaches
  12 goblins
  7 hobgoblins
  3 quokkas
  5 ball pythons
  4 bats
  3 frilled lizards
  8 kobolds
  A quokka skeleton (D:4)
  4 rats
69 creatures vanquished.

Vanquished Creatures (others)
  A fungus (D:3)
1 creature vanquished.

Grand Total: 70 creatures vanquished
